 Dungeon Crawl Stone Soup version 0.31-a0-408-gb642c7f9a3 (webtiles) character file.

Game seed: 5696920216573870038

301 olmar the Grave Robber (level 6, -3/41 (42) HPs)
             Began as a Mummy Necromancer on July 29, 2023.
             Was a Priest of Vehumet.
             Slain by a kobold brigand
             ... wielding a +0 short sword
              (6 damage)
             ... in a sewer.
             The game lasted 00:05:56 (2894 turns).

olmar the Grave Robber (Mummy Necromancer)          Turns: 2894, Time: 00:05:57

HP:   -3/41 (42)    AC:  2    Str: 12    XL:     6   Next: 14%
MP:   6/14          EV: 12    Int: 16    God:    Vehumet [***...]
Gold: 107           SH:  0    Dex: 12    Spells: 10/16 levels left

rFire   x . .        h - +2 short sword (elec)
rCold   + + .        (no shield)
rNeg    + + +        a - +0 robe
rPois   ∞            (no helmet)
rElec   .            (no cloak)
rCorr   .            (no gloves)
SInv    .            (no boots)
Will    .....        (no amulet)
Stlth   +            i - ring of protection from cold
HPRegen 0.26/turn    (no ring)
MPRegen 0.14/turn

%: faith
@: lightly drained, very slow
A: cold resistance 1, negative energy resistance 3, torment resistance 2, heat
vulnerability 1, in touch with death 1, no potions, faith
a: Renounce Religion


You were in a sewer.
You worshipped Vehumet.
Vehumet was most pleased with you.
You visited 1 branch of the dungeon, and saw 3 of its levels.
You also visited: Sewer.

You collected 107 gold pieces.

Inventory:

Hand Weapons
 d - a +0 short sword
 h - a +2 short sword of electrocution (weapon)
Missiles
 e - 5 javelins
 j - 6 poisoned darts
Armour
 a - a +0 robe (worn)
Jewellery
 i - a ring of protection from cold (left hand)
Scrolls
 b - a scroll of identify
 c - a scroll of noise
 f - 2 scrolls of vulnerability
 g - 2 scrolls of teleportation


   Skills:
 + Level 0.6 Fighting
 + Level 0.4 Short Blades
 - Level 1.6 Dodging
 - Level 1.7 Stealth
 + Level 5.7 Spellcasting
 + Level 5.8 Necromancy


You had 10 spell levels left.
You knew the following spells:

 Your Spells              Type           Power      Damage    Failure   Level
a - Necrotise             Necr           100%       1d9       1%          1
b - Magic Dart            Conj           16%        1d3       4%          1
c - Kiss of Death         Conj/Necr      80%        2d11      1%          1
d - Vampiric Draining     Necr           34%        2d8       3%          3

Your spell library contained the following spells:

 Spells                   Type           Power      Damage    Failure   Level
 Inner Flame              Hex/Fire       4%         N/A       11%         3
 Animate Dead             Necr           34%        N/A       13%         4
 Ensorcelled Hibernation  Hex/Ice        8%         N/A       22%         2
 Agony                    Necr           34%        N/A       34%         5
 Anguish                  Hex/Necr       10%        N/A       38%         4


Dungeon Overview and Level Annotations

Branches:
Dungeon (3/15)              Sewer (1/1)

Altars:
Vehumet


Innate Abilities, Weirdness & Mutations

You are immune to poison.
Your flesh is cold resistant. (rC+)
You are immune to negative energy. (rN+++)
You are immune to unholy pain and torment.
You are vulnerable to heat. (rF-)
You are in touch with the powers of death.
You do not drink.
You have a special connection with the divine. (Faith)


Message History

Casting: Kiss of Death (safe; 1% risk of failure)
Confirm with . or Enter, or press ? or * to list all spells.
Aiming: Vampiric Draining (dangerous; 4% risk of failure)
Press: ? - help, Shift-Dir - straight line, f/p - kobold brigand
Aim: a kobold brigand, wielding a +0 short sword and quivering curare-tipped darts (almost dead, lightly drained)
Okay, then.
Casting: Vampiric Draining (dangerous; 4% risk of failure)
Confirm with . or Enter, or press ? or * to list all spells.
Aiming: Necrotise (safe; 1% risk of failure)
Press: ? - help, Shift-Dir - straight line, f/p - kobold brigand
Aim: a kobold brigand, wielding a +0 short sword and quivering curare-tipped darts (almost dead, lightly drained, chance to affect: 85%)
You feel a surge of power!
The kobold brigand writhes in agony.
You kill the kobold brigand!
Vehumet accepts your kill.
You feel your power returning.
You hear a splash. x2
The dead are walking!
The kobold hits you with a +0 short sword.
The kobold brigand hits you with a +0 short sword.
* * * LOW HITPOINT WARNING * * *
The kobold brigand hits you with a +0 club.
* * * LOW HITPOINT WARNING * * *
You have reached level 6!
Unknown command.
Okay, then.
Casting: Necrotise (safe; 1% risk of failure)
Confirm with . or Enter, or press ? or * to list all spells.
Okay, then.
Casting: Necrotise (safe; 1% risk of failure)
Confirm with . or Enter, or press ? or * to list all spells.
Aiming: Vampiric Draining (dangerous; 3% risk of failure)
Press: ? - help, Shift-Dir - straight line, f - kobold
Aim: a kobold, wielding a +0 short sword and quivering stones (ally target)
You feel a surge of power!
You draw life force from the kobold!
You kill the kobold!
Vehumet accepts your kill.
You hear a splash. x2
You feel life coursing into your body.
The kobold brigand hits you with a +0 short sword.
You die...

...~~#~≈~~~~~.....##
#..~P#~≈~#~~~.....#
##....#~≈~#P~P....##
#.....#~~~#~......#
#.....#~≈~#P......#
#..~~P#~≈~#.......#
#...~Z#~≈~#~.~)P.##
#..~~~#~≈~#~~)P).#
#..K@)~~≈~#~~.)###
###KK##~~~##''##
#.!.?#~≈~#....#
#....#####....#
#.?∩.# #.∩.!# #..?.#
#...!# ###### ######


You could see 2 kobold brigands, a kobold and a friendly kobold brigand
skeleton.

Vanquished Creatures
  2 kobold brigands (Sewer)
  A sleepcap (D:2)
  2 adders (D:2)
  4 gnolls (D:2)
  4 worms
  2 dart slugs
  3 ball pythons
  4 bats
  6 endoplasms
  A giant cockroach (D:1)
  4 goblins
  4 hobgoblins
  3 jackals (D:2)
  10 kobolds
  3 quokkas
  3 frilled lizards
  10 rats
66 creatures vanquished.

Vanquished Creatures (collateral kills)
  2 rats (D:3)
2 creatures vanquished.

Grand Total: 68 creatures vanquished

Notes
Turn   | Place    | Note
-------+----------+-------------------------------------------
     0 | D:1      | olmar the Mummy Necromancer began the quest for the Orb.
     0 | D:1      | Reached XP level 1. HP: 13/13 MP: 4/4
    98 | D:1      | Found a faded altar of an unknown god.
   125 | D:1      | Prayed at the altar of an unknown god.
   125 | D:1      | Became a worshipper of Vehumet
   125 | D:1      | Reached * piety under Vehumet
   125 | D:1      | Offered knowledge of Magic Dart by Vehumet.
   128 | D:1      | Learned a level 1 spell: Magic Dart
   292 | D:1      | Reached XP level 2. HP: 19/19 MP: 2/5
   550 | D:1      | Offered knowledge of Kiss of Death by Vehumet.
   583 | D:1      | Reached ** piety under Vehumet
   962 | D:2      | Learned a level 1 spell: Kiss of Death
   975 | D:2      | Gained mutation: You are in touch with the powers of death.
                  | [Mummy growth]
   975 | D:2      | Reached XP level 3. HP: 20/23 MP: 4/8
  1621 | D:2      | Reached XP level 4. HP: 31/31 MP: 4/9
  1629 | D:2      | Reached skill level 5 in Necromancy
  2336 | D:3      | Learned a level 3 spell: Vampiric Draining
  2409 | D:3      | Found a glowing drain.
  2417 | D:3      | Reached XP level 5. HP: 22/36 MP: 7/12
  2435 | D:3      | Offered knowledge of Inner Flame by Vehumet.
  2475 | Sewer    | Entered a sewer
  2725 | Sewer    | Reached skill level 5 in Spellcasting
  2770 | Sewer    | Reached *** piety under Vehumet
  2893 | Sewer    | HP: 1/31 [kobold brigand/+0 club (6)]
  2894 | Sewer    | Reached XP level 6. HP: 1/41 MP: 8/14
  2894 | Sewer    | Slain by a kobold brigand

Illustrated notes

Levels and vault maps discovered:
D:1:      evilmike_arrival_crescent, layout_basic,
          hellmonk_ecumenical_altar_leap_of_faith
D:2:      layout_basic
D:3:      layout_loops_ring, portal_sewer_entry_c
Sewer:    kennysheep_pipe_town

Skill      XL: |  1  2  3  4  5 |
---------------+----------------+-----
Spellcasting   | 3 4 5 |  5.7
Necromancy     | 5 |  5.8
Fighting       | |  0.6
Short Blades   | |  0.4
Dodging        | |  1.6
Stealth        | |  1.7

Action                     |  1- 3 |  4- 6 || total
---------------------------+-------+-------++-------
  Melee: Short sword       |     6 |    19 ||    25
         Unarmed           |     1 |       ||     1
   Cast: Necrotise         |    69 |    71 ||   140
         Kiss of Death     |     1 |     1 ||     2
         Vampiric Draining |       |     2 ||     2
    Use: Scroll            |     1 |     2 ||     3
   Stab: Sleeping          |       |     1 ||     1
 Armour: Robe              |     3 |     3 ||     6
  Dodge: Dodged            |    15 |    29 ||    44

Table legend: (Time is in decaauts)
 A = Elapsed time spent in this place.
 B = Non-inter-level travel time spent in this place.
 C = Inter-level travel time spent in this place.
 D = Time resting spent in this place.
 E = Time spent auto-exploring this place.
 F = Levels seen in this place.
 G = Mean time per level.
                   A        B        C        D        E       F      G
               +--------+--------+--------+--------+--------+-----+--------+
         Total |   2908 |   2845 |     63 |    350 |   1894 |   4 |  727.0 |
       Dungeon |   2474 |   2411 |     63 |    159 |   1723 |   3 |  824.7 |
         Sewer |    433 |    433 |      0 |    191 |    170 |   1 |  433.0 |
               +--------+--------+--------+--------+--------+-----+--------+

Top non-repeatable levels by time:
     D:2: 1394 daAuts
     D:1: 889 daAuts
   Sewer: 433 daAuts
     D:3: 190 daAuts
